3AAA
BRINKLEY BELUGAS @ HAMILTON COYOTES
08/31/2026
 
TOP OF THE 1ST
Brinkley Belugas batting - Pitching for Hamilton Coyotes : RHP José Zavala
Pitching: RHP José Zavala
Batting: RHB Steve Jones 0-0: Ball
1-0: Ball
2-0: Ball
3-0: Base on Balls
Batting: RHB Arnold Giroux 0-0: Called Strike
0-1: Ball
1-1: Called Strike
1-2: Ball
2-2: Ball
3-2: Base on Balls
Steve Jones to second
Batting: SHB Joreão Canosa 0-0: Ball
1-0: Called Strike
1-1: Ball
2-1: Swinging Strike
2-2: Strikes out looking
Batting: RHB Brandon Cole 0-0: Ball
1-0: Grounds into double play, 4-6-3 (Groundball, 4)
Top of the 1st over - 0 run(s), 0 hit(s), 0 error(s), 1 left on base; Brinkley 0 - Hamilton 0
BOTTOM OF THE 1ST
Hamilton Coyotes batting - Pitching for Brinkley Belugas : RHP Chae-seong Kim
Pitching: RHP Chae-seong Kim
Batting: RHB Alfredo Cardenas 0-0: Ball
1-0: Ball
2-0: Ball
3-0: Called Strike
3-1: Called Strike
3-2: Foul Ball, location: 2F
3-2: Foul Ball, location: 2F
3-2: Base on Balls
Batting: LHB Tommy Sullivan 0-0: Ball
Alfredo Cardenas steals 2nd base
1-0: Swinging Strike
1-1: Ball
2-1: Ball
3-1: Swinging Strike
3-2: Base on Balls
Batting: RHB Monty Sharp 0-0: Called Strike
0-1: Called Strike
0-2: Foul Ball, location: 2F
0-2: Strikes out looking
Batting: RHB Wei-qiang Mo 0-0: Called Strike
0-1: Swinging Strike
0-2: Ball
1-2: Ball
2-2: Foul Ball, location: 2F
2-2: Ball
3-2: Fielders Choice at 2nd, 3-6 (Groundball, 34)
Alfredo Cardenas to third
Batting: RHB Jesús Soto 0-0: Fly out, F8 (Flyball, 78D)
Bottom of the 1st over - 0 run(s), 0 hit(s), 0 error(s), 2 left on base; Brinkley 0 - Hamilton 0
TOP OF THE 2ND
Brinkley Belugas batting - Pitching for Hamilton Coyotes : RHP José Zavala
Batting: LHB Mario Nieves 0-0: Foul Ball, location: 2F
0-1: Ball
1-1: Ball
2-1: SINGLE (Line Drive, 8RS)
Batting: RHB Randy Tucker 0-0: Ball
1-0: Ball
2-0: Ball
3-0: Base on Balls
Mario Nieves to second
Batting: LHB Natale Langushi 0-0: Fly out, F9 (Line Drive, 89M)
Batting: RHB Henry Cameron 0-0: SINGLE (Groundball, 56D)
Mario Nieves to third
Randy Tucker to second
Runner from 3rd tries for Home, SAFE, throw made home
Batting: SHB Noel King 0-0: Called Strike
Henry Cameron is caught stealing 2nd base
0-1: SINGLE (Groundball, 56) (infield hit)
Randy Tucker scores
Batting: RHB Steve Jones 0-0: SINGLE (Flyball, 8LS)
Noel King to second
Runner from 2nd tries for 3rd, SAFE, no throw
Batting: RHB Arnold Giroux 0-0: Called Strike
0-1: Ball
1-1: Swinging Strike
1-2: Foul Ball, location: 2F
1-2: Foul Ball, location: 2F
1-2: Ball
2-2: SINGLE (Groundball, 6MD)
Noel King scores
Steve Jones to second
Runner from 2nd tries for 3rd, SAFE, throw made to third
Arnold Giroux to second
Batting: SHB Joreão Canosa 0-0: Ball
1-0: Ground out 6-3 (Groundball, 6D)
Top of the 2nd over - 3 run(s), 5 hit(s), 0 error(s), 2 left on base; Brinkley 3 - Hamilton 0
BOTTOM OF THE 2ND
Hamilton Coyotes batting - Pitching for Brinkley Belugas : RHP Chae-seong Kim
Batting: LHB Tony Ríos 0-0: Called Strike
0-1: Ball
1-1: Foul Ball, location: 2F
1-2: Fly out, F4 (Popup, 34D)
Batting: RHB Jon Erickson 0-0: Called Strike
0-1: Ball
1-1: Ground out 5-3 (Groundball, 56)
Batting: RHB Ralph May 0-0: Ground out 4-3 (Groundball, 4)
Bottom of the 2nd over - 0 run(s), 0 hit(s), 0 error(s), 0 left on base; Brinkley 3 - Hamilton 0
TOP OF THE 3RD
Brinkley Belugas batting - Pitching for Hamilton Coyotes : RHP José Zavala
Batting: RHB Brandon Cole 0-0: Ball
1-0: DOUBLE (Groundball, 5L)
Batting: LHB Mario Nieves 0-0: Called Strike
0-1: SINGLE (Line Drive, 34)
Brandon Cole to third
Batting: RHB Randy Tucker 0-0: Ball
1-0: Reached on error, E5 (Groundball, 5L)
Brandon Cole scores
Mario Nieves to second
Batting: LHB Natale Langushi 0-0: Ground out 3-1 (Groundball, 34S)
Mario Nieves to third
Randy Tucker to second
Batting: RHB Henry Cameron 0-0: Called Strike
0-1: Ball
1-1: Called Strike
1-2: Ground out 5-3 (Groundball, 56)
Mario Nieves scores
Batting: SHB Noel King 0-0: Foul Ball, location: 2F
0-1: Foul Ball, location: 2F
0-2: Foul Ball, location: 2F
0-2: Fly out, F6 (Line Drive, 6M)
Top of the 3rd over - 2 run(s), 2 hit(s), 1 error(s), 1 left on base; Brinkley 5 - Hamilton 0
BOTTOM OF THE 3RD
Hamilton Coyotes batting - Pitching for Brinkley Belugas : RHP Chae-seong Kim
Batting: LHB Manuel Sánchez 0-0: Called Strike
0-1: Ball
1-1: Fly out, F6 (Popup, 6MD)
Batting: RHB Alfredo Cardenas 0-0: Called Strike
0-1: Called Strike
0-2: Ball
1-2: Foul Ball, location: 2F
1-2: Ball
2-2: Foul Ball, location: 2F
2-2: Foul Ball, location: 2F
2-2: Ball
3-2: Base on Balls
Batting: LHB Tommy Sullivan 0-0: Called Strike
Alfredo Cardenas is caught stealing 2nd base
0-1: Swinging Strike
0-2: Ball
1-2: Strikes out swinging
Bottom of the 3rd over - 0 run(s), 0 hit(s), 0 error(s), 0 left on base; Brinkley 5 - Hamilton 0
TOP OF THE 4TH
Brinkley Belugas batting - Pitching for Hamilton Coyotes : RHP José Zavala
Batting: RHB Steve Jones 0-0: Ground out 6-3 (Groundball, 6)
Batting: RHB Arnold Giroux 0-0: Ball
1-0: Foul Ball, location: 2F
1-1: Foul Ball, location: 2F
1-2: Ground out 4-3 (Groundball, 4)
Batting: SHB Joreão Canosa 0-0: Called Strike
0-1: Ball
1-1: Swinging Strike
1-2: Ball
2-2: Strikes out looking
Top of the 4th over - 0 run(s), 0 hit(s), 0 error(s), 0 left on base; Brinkley 5 - Hamilton 0
BOTTOM OF THE 4TH
Hamilton Coyotes batting - Pitching for Brinkley Belugas : RHP Chae-seong Kim
Batting: RHB Monty Sharp 0-0: Called Strike
0-1: Ground out 6-3 (Groundball, 6)
Batting: RHB Wei-qiang Mo 0-0: Hit by Pitch
Batting: RHB Jesús Soto 0-0: Ball
Wei-qiang Mo steals 2nd base
1-0: Called Strike
1-1: Ball
2-1: Ground out 6-3 (Groundball, 6)
Batting: LHB Tony Ríos 0-0: Called Strike
0-1: Fly out, F4 (Line Drive, 4)
Bottom of the 4th over - 0 run(s), 0 hit(s), 0 error(s), 1 left on base; Brinkley 5 - Hamilton 0
TOP OF THE 5TH
Brinkley Belugas batting - Pitching for Hamilton Coyotes : RHP José Zavala
Batting: RHB Brandon Cole 0-0: Ball
1-0: Foul Ball, location: 2F
1-1: Foul Ball, location: 2F
1-2: Foul Ball, location: 2F
1-2: Ball
2-2: Foul Ball, location: 2F
2-2: Strikes out swinging
Batting: LHB Mario Nieves 0-0: Swinging Strike
0-1: Called Strike
0-2: Ball
1-2: SINGLE (Groundball, 34D)
Batting: RHB Randy Tucker 0-0: Ball
1-0: Ball
2-0: Ball
3-0: Called Strike
3-1: SINGLE (Groundball, 34D)
Mario Nieves to second
Runner from 2nd tries for 3rd, SAFE, throw made to third
Batting: LHB Natale Langushi 0-0: Called Strike
Randy Tucker steals 2nd base
0-1: Foul Ball, location: 2F
0-2: Ball
1-2: Foul Ball, location: 2F
1-2: Foul Ball, location: 2F
1-2: Ball
2-2: SINGLE (Groundball, 56D)
Mario Nieves scores
Randy Tucker to third
Runner from 3rd tries for Home, SAFE, no throw
Batting: RHB Henry Cameron 0-0: Ball
1-0: SINGLE (Line Drive, 8LS)
Natale Langushi to second
Batting: SHB Noel King 0-0: Called Strike
0-1: Ball
1-1: Called Strike
1-2: Ball
2-2: Foul Ball, location: 2F
2-2: Ball
3-2: Strikes out looking
Batting: RHB Steve Jones 0-0: Ball
1-0: Ball
2-0: Called Strike
2-1: Foul Ball, location: 2F
2-2: Foul Ball, location: 2F
2-2: Strikes out swinging
Top of the 5th over - 2 run(s), 4 hit(s), 0 error(s), 2 left on base; Brinkley 7 - Hamilton 0
BOTTOM OF THE 5TH
Hamilton Coyotes batting - Pitching for Brinkley Belugas : RHP Chae-seong Kim
Batting: RHB Jon Erickson 0-0: Called Strike
0-1: Ball
1-1: Called Strike
1-2: Ground out 6-3 (Groundball, 6)
Batting: RHB Ralph May 0-0: Called Strike
0-1: Called Strike
0-2: Ball
1-2: Strikes out looking
Batting: LHB Manuel Sánchez 0-0: Ball
1-0: Called Strike
1-1: Called Strike
1-2: Strikes out swinging
Bottom of the 5th over - 0 run(s), 0 hit(s), 0 error(s), 0 left on base; Brinkley 7 - Hamilton 0
TOP OF THE 6TH
Brinkley Belugas batting - Pitching for Hamilton Coyotes : RHP José Zavala
Pitching: LHP Reynaldo Sánchez
Batting: RHB Arnold Giroux 0-0: Fly out, F7 (Flyball, 78D)
Batting: SHB Joreão Canosa 0-0: Ball
1-0: Called Strike
1-1: Called Strike
1-2: Fly out, F8 (Line Drive, 8LM)
Batting: RHB Brandon Cole 0-0: Called Strike
0-1: Called Strike
0-2: DOUBLE (Line Drive, 89XD)
Batting: LHB Mario Nieves 0-0: Ball
1-0: Foul Ball, location: 2F
1-1: Ground out 3-1 (Groundball, 34)
Top of the 6th over - 0 run(s), 1 hit(s), 0 error(s), 1 left on base; Brinkley 7 - Hamilton 0
BOTTOM OF THE 6TH
Hamilton Coyotes batting - Pitching for Brinkley Belugas : RHP Chae-seong Kim
Batting: RHB Alfredo Cardenas 0-0: Fly out, F8 (Flyball, 8RS)
Batting: LHB Tommy Sullivan 0-0: Ball
1-0: Ball
2-0: Called Strike
2-1: Ball
3-1: Base on Balls
Batting: RHB Monty Sharp 0-0: Ball
1-0: Ball
2-0: Called Strike
2-1: Ball
Wild Pitch!
Tommy Sullivan to second
3-1: Called Strike
3-2: Foul Ball, location: 2F
3-2: Ground out 5-3 (Groundball, 5)
Batting: RHB Wei-qiang Mo 0-0: Foul Ball, location: 2F
0-1: Ball
1-1: Ball
2-1: Foul Ball, location: 2F
2-2: Ball
3-2: Base on Balls
Batting: RHB Jesús Soto 0-0: Ball
1-0: Called Strike
1-1: Ball
2-1: Ball
3-1: Called Strike
3-2: Base on Balls
Tommy Sullivan to third
Wei-qiang Mo to second
Batting: LHB Tony Ríos 0-0: Ball
1-0: SINGLE (Line Drive, 56)
Tommy Sullivan scores
Wei-qiang Mo to third
Jesús Soto to second
Runner from 3rd tries for Home, SAFE, no throw
Batting: RHB Jon Erickson 0-0: Ball
1-0: Swinging Strike
1-1: Ball
2-1: Hit by Pitch
Jesús Soto to third
Tony Ríos to second
Batting: RHB Ralph May 0-0: Ball
1-0: Foul Ball, location: 2F
1-1: Ball
2-1: Ball
3-1: Base on Balls
Jesús Soto scores
Tony Ríos to third
Jon Erickson to second
Pitching: RHP Richard Brown
Batting: LHB Manuel Sánchez 0-0: Ball
1-0: Ball
2-0: Foul Ball, location: 2F
2-1: Ball
3-1: Foul Ball, location: 2F
3-2: SINGLE (Line Drive, 89S)
Tony Ríos scores
Jon Erickson to third
Ralph May to second
Jon Erickson scores
Ralph May to third
Pitching: RHP Alonso Cruz
Batting: RHB Alfredo Cardenas 0-0: Ball
1-0: Called Strike
1-1: Swinging Strike
1-2: SINGLE (Flyball, 7S)
Ralph May scores
Manuel Sánchez to second
Batting: LHB Tommy Sullivan 0-0: Called Strike
0-1: Foul Ball, location: 2F
0-2: Foul Ball, location: 2F
0-2: Ball
1-2: Strikes out looking
Bottom of the 6th over - 6 run(s), 3 hit(s), 0 error(s), 2 left on base; Brinkley 7 - Hamilton 6
TOP OF THE 7TH
Brinkley Belugas batting - Pitching for Hamilton Coyotes : LHP Reynaldo Sánchez
Batting: RHB Randy Tucker 0-0: Called Strike
0-1: Ball
1-1: Called Strike
1-2: Ball
2-2: DOUBLE (Flyball, 7D)
Batting: LHB Natale Langushi 0-0: Ball
1-0: Swinging Strike
1-1: Called Strike
1-2: Ground out 5-3 (Groundball, 5)
Batting: RHB Henry Cameron 0-0: Intentional Walk
Pinch Hitting: RHB Shawn Hicks 0-0: Ball
1-0: Ball
Randy Tucker steals 3rd base
Henry Cameron to second
2-0: Ball
3-0: Called Strike
3-1: Base on Balls
Batting: RHB Steve Jones 0-0: Ball
1-0: Grounds into fielders choice 5-2 (Groundball, 5S)
Henry Cameron to third
Shawn Hicks to second
Batting: RHB Arnold Giroux 0-0: Foul Ball, location: 2F
0-1: Foul Ball, location: 2F
0-2: Ball
1-2: Ball
2-2: Fielders Choice at 2nd, 6-4 (Groundball, 6D)
Top of the 7th over - 0 run(s), 1 hit(s), 0 error(s), 2 left on base; Brinkley 7 - Hamilton 6
BOTTOM OF THE 7TH
Hamilton Coyotes batting - Pitching for Brinkley Belugas : RHP Alonso Cruz
Now in CF: Manny Carbajal
Batting: RHB Monty Sharp 0-0: SINGLE (Line Drive, 56D)
Batting: RHB Wei-qiang Mo 0-0: Called Strike
0-1: Ball
1-1: Foul Ball, location: 2F
1-2: Ball
2-2: Foul Ball, location: 2F
2-2: Ball
3-2: Fly out, F9 (Flyball, 9S)
Batting: RHB Jesús Soto 0-0: Ball
1-0: Ball
2-0: Ball
3-0: Called Strike
3-1: Base on Balls
Monty Sharp to second
Batting: LHB Tony Ríos 0-0: Ball
1-0: Ball
2-0: Ball
3-0: Called Strike
3-1: Fielders Choice at 2nd, 6-4 (Groundball, 6M)
Monty Sharp to third
Pinch Hitting: LHB Martín Núñes 0-0: Ball
1-0: Called Strike
1-1: Ball
2-1: Foul Ball, location: 2F
2-2: Foul Ball, location: 2F
2-2: Ball
3-2: Base on Balls
Tony Ríos to second
Batting: RHB Ralph May 0-0: Ball
1-0: Foul Ball, location: 2F
1-1: Fly out, F9 (Line Drive, 89D)
Bottom of the 7th over - 0 run(s), 1 hit(s), 0 error(s), 3 left on base; Brinkley 7 - Hamilton 6
TOP OF THE 8TH
Brinkley Belugas batting - Pitching for Hamilton Coyotes : LHP Reynaldo Sánchez
Now at 2B: Francisco Morales
Batting: SHB Joreão Canosa 0-0: Ball
1-0: Called Strike
1-1: Ground out 6-3 (Groundball, 6)
Batting: RHB Brandon Cole 0-0: Ball
1-0: Called Strike
1-1: Called Strike
1-2: Ball
2-2: Foul Ball, location: 2F
2-2: Ball
3-2: SINGLE (Groundball, 3D)
Batting: LHB Mario Nieves 0-0: Fly out, F8 (Flyball, 8LS)
Batting: RHB Randy Tucker 0-0: Called Strike
0-1: Swinging Strike
0-2: Strikes out looking
Top of the 8th over - 0 run(s), 1 hit(s), 0 error(s), 1 left on base; Brinkley 7 - Hamilton 6
BOTTOM OF THE 8TH
Hamilton Coyotes batting - Pitching for Brinkley Belugas : RHP Alonso Cruz
Now at 2B: Roberto Ramírez
Batting: LHB Manuel Sánchez 0-0: Ball
1-0: Called Strike
1-1: Ball
2-1: Ground out 6-3 (Groundball, 4MD)
Pitching: RHP Steven Jones
Batting: RHB Alfredo Cardenas 0-0: Called Strike
0-1: Ball
1-1: Ball
2-1: Foul Ball, location: 2F
2-2: Ball
3-2: Strikes out swinging
Batting: LHB Tommy Sullivan 0-0: Ball
1-0: Swinging Strike
1-1: Called Strike
1-2: Hit by Pitch
Pinch Hitting: RHB Noel Wells 0-0: Foul Ball, location: 2F
0-1: Foul Ball, location: 2F
0-2: Ball
1-2: Ball
2-2: Ball
3-2: Foul Ball, location: 2F
3-2: Fly out, F9 (Flyball, 9D)
Bottom of the 8th over - 0 run(s), 0 hit(s), 0 error(s), 1 left on base; Brinkley 7 - Hamilton 6
TOP OF THE 9TH
Brinkley Belugas batting - Pitching for Hamilton Coyotes : LHP Reynaldo Sánchez
Pitching: RHP Jim Unknown
Now at SS: Rodrigo Pagán
Batting: LHB Natale Langushi 0-0: SINGLE (Line Drive, 89S)
Batting: RHB Henry Cameron 0-0: Fly out, F8 (Flyball, 8LM)
Pinch Hitting: LHB Marcos Deleón 0-0: Called Strike
0-1: Foul Ball, location: 2F
0-2: Ball
1-2: Ball
2-2: Ball
3-2: Fielders Choice at 2nd, 6-4 (Groundball, 6)
Pinch Hitting: LHB Peter Paul 0-0: Ball
Marcos Deleón steals 2nd base
1-0: Called Strike
1-1: Called Strike
1-2: Foul Ball, location: 2F
1-2: Strikes out looking
Top of the 9th over - 0 run(s), 1 hit(s), 0 error(s), 1 left on base; Brinkley 7 - Hamilton 6
BOTTOM OF THE 9TH
Hamilton Coyotes batting - Pitching for Brinkley Belugas : RHP Steven Jones
Pitching: LHP Ramón García
Now in CF: Roberto Ruíz
Now in RF: Peter Paul
Batting: RHB Wei-qiang Mo 0-0: Ball
1-0: Ball
2-0: Called Strike
2-1: Fly out, F7 (Flyball, 7)
Batting: RHB Jesús Soto 0-0: Called Strike
0-1: Ground out 5-3 (Groundball, 5)
Batting: LHB Tony Ríos 0-0: Ball
1-0: Called Strike
1-1: Ball
2-1: Foul Ball, location: 2F
2-2: Ground out 6-3 (Groundball, 6)
Bottom of the 9th over - 0 run(s), 0 hit(s), 0 error(s), 0 left on base; Brinkley 7 - Hamilton 6
Monday, March 20th, 2017 - OOTP Baseball 17.12 Build 75